 Dungeon Crawl Stone Soup version 0.30-a0-1124-g6e8f0f562f (webtiles) character file.

Game seed: 10873505992126653639

48346 Lobster4 the Eclecticist (level 14, -3/80 HPs)
             Began as a Deep Elf Earth Elementalist on Apr 23, 2023.
             Was a High Priest of Vehumet.
             Slain by a seven-headed hydra (6 damage)
             ... on level 5 of the Lair of Beasts.
             The game lasted 01:10:33 (19210 turns).

Lobster4 the Eclecticist (DEEE)                    Turns: 19210, Time: 01:10:33

Health: -3/80      AC: 12    Str:  7    XL:     14   Next: 11%
Magic:  23/35      EV: 15    Int: 27    God:    Vehumet [*****.]
Gold:   461        SH: 10    Dex: 12    Spells: 17/43 levels left

rFire   + . .        a - +2 dagger (venom)
rCold   . . .        B - +0 buckler
rNeg    . . .        r - +0 steam dragon scales
rPois   +            t - -1 helmet of Shielding {Regen+ Int+3}
rElec   .            R - +1 cloak
rCorr   +            I - +1 pair of gloves
SInv    +            P - +0 pair of boots of Vungytz {rPois rCorr Dex-3 SInv}
Will    +....        d - amulet of reflection
Stlth   +++          q - +4 ring of slaying
HPRegen 1.13/turn    X - ring of protection from fire
MPRegen 0.24/turn

%: reflection
@: studying Polearms
A: no striking features
a: Renounce Religion


You were on level 5 of the Lair of Beasts.
You worshipped Vehumet.
Vehumet was extremely pleased with you.
You visited 3 branches of the dungeon, and saw 17 of its levels.
You also visited: Ice Cave.

You collected 861 gold pieces.
You spent 400 gold pieces at shops.

Inventory:

Hand Weapons
 a - a +2 dagger of venom (weapon)
 b - a +1 sling
 E - the +11 long sword of the Dwarven Hall {flame, Str+4}
   (You found it on level 5 of the Lair of Beasts)

   Str:       It affects your strength (+4).
 M - a +3 short sword
Missiles
 e - 6 javelins
 y - 34 poisoned darts (quivered)
Armour
 r - +0 steam dragon scales (worn)
 t - the -1 helmet of Shielding (worn) {Regen+ Int+3}
   (You took it off Robin on level 4 of the Dungeon)

   Int:       It affects your intelligence (+3).
   Regen:     It increases your rate of health regeneration.
 B - a +0 buckler (worn)
 I - a +1 pair of gloves (worn)
 P - the +0 pair of boots of Vungytz (worn) {rPois rCorr Dex-3 SInv}
   (You found it on level 6 of the Dungeon)

   Dex:       It affects your dexterity (-3).
   rPois:     It protects you from poison.
   SInv:      It lets you see invisible.
   rCorr:     It protects you from acid and corrosion.
 R - a +1 cloak (worn)
Magical Staves
 D - a staff of fire
 K - a staff of conjuration
 V - the staff of earth "Biorir" {Fragile Str+3 Stlth+}
   (You acquired it on level 6 of the Dungeon)

   [staff of earth]

   Base accuracy: +5 Base damage: 5 Base attack delay: 1.2 This weapon's minimum
   attack delay (0.6) is reached at skill level 12.
   Str:       It affects your strength (+3).
   Fragile:   It will be destroyed if unequipped.
   Stlth:     It makes you more stealthy.
   It falls into the 'Staves' category.
   It is a one-handed weapon.
Jewellery
 d - an amulet of reflection (around neck)
 q - a +4 ring of slaying (left hand)
 O - a ring of ice
 X - a ring of protection from fire (right hand)
 Y - an amulet of magic regeneration
Wands
 i - a wand of iceblast (4)
 j - a wand of digging (7)
 o - a wand of light (3)
 A - a wand of mindburst (37)
 U - a wand of charming (6)
 W - a wand of flame (15)
Scrolls
 c - a scroll of immolation
 g - a scroll of silence
 h - 4 scrolls of poison
 m - 3 scrolls of fog
 n - 2 scrolls of fear
 p - 3 scrolls of enchant weapon
 s - 3 scrolls of teleportation
 w - 6 scrolls of identify
 x - a scroll of brand weapon
 C - 2 scrolls of amnesia
 L - a scroll of acquirement
 N - 2 scrolls of enchant armour
 S - a scroll of blinking
Potions
 f - 3 potions of ambrosia
 k - 2 potions of resistance
 l - a potion of cancellation
 u - 5 potions of heal wounds
 v - 10 potions of curing
 z - 4 potions of magic
 F - a potion of brilliance
 G - 2 potions of lignification
 H - 4 potions of might
 J - a potion of haste
 T - a potion of flight


   Skills:
 + Level 6.6 Fighting
 - Level 2.0(2.3) Short Blades
 + Level 1.6(2.1) Long Blades
 - Level 5.0 Staves
 - Level 5.0 Ranged Weapons
 - Level 3.0 Throwing
 + Level 5.9 Armour
 + Level 10.0 Dodging
 - Level 5.0 Stealth
 + Level 5.8 Shields
 * Level 15.0 Spellcasting
 + Level 8.6 Conjurations
 - Level 1.1 Transmutations
 * Level 12.8 Earth Magic
 - Level 3.0 Evocations


You had 17 spell levels left.
You knew the following spells:

 Your Spells              Type           Power      Damage    Failure   Level
a - Sandblast             Erth           100%       2d20      0%          1
b - Stone Arrow           Conj/Erth      100%       3d13      1%          3
c - Iron Shot             Conj/Erth      33%        9d7       2%          6
d - Iskenderun's Mystic   Conj/Tloc      43%        2d10      1%          4
e - Iskenderun's Battles  Conj           61%        2d11      1%          5
f - Lee's Rapid Deconstr  Erth           36%        3d18*     1%          5
p - Passwall              Tmut/Erth      45%        N/A       1%          2

Your spell library contained the following spells:

 Spells                   Type           Power      Damage    Failure   Level
 Eringya's Noxious Bog    Tmut/Pois      11%        N/A       71%         6
 Kiss of Death            Conj/Necr      100%       2d13      1%          1
 Fulminant Prism          Conj/Hex       21%        3d12      1%          4
 Animate Armour           Summ/Erth      100%       N/A       2%          4
 Petrify                  Tmut/Erth      55%        N/A       2%          4
 Volatile Blastmotes      Fire/Tloc      40%        2d13      3%          3
 Irradiate                Conj/Tmut      23%        3d19      4%          5
 Confusing Touch          Hex            20%        N/A       12%         3
 Ozocubu's Armour         Ice            20%        N/A       12%         3
 Anguish                  Hex/Necr       10%        N/A       36%         4
 Dispel Undead            Necr           20%        3d11      36%         4
 Passage of Golubria      Tloc           20%        N/A       36%         4
 Blade Hands              Tmut           13%        N/A       56%         5
 Lehudib's Crystal Spear  Conj/Erth      33%        10d9      58%         8
 Silence                  Hex/Air        10%        N/A       71%         5
 Ozocubu's Refrigeration  Ice            10%        4d9       99%         7
 Dragon Form              Tmut           13%        N/A       100%        7
 Enfeeble                 Hex            10%        N/A       100%        7


Dungeon Overview and Level Annotations

Branches:
Dungeon (11/15)            Temple (1/1) D:7            Lair (5/5) D:10
 Shoals (0/4) Lair:2        Snake (0/4) Lair:3        Slime (0/5) Lair:4
    Orc (0/2) D:11          IceCv (visited)

Altars:
Ashenzari
Cheibriados
Dithmenos
Elyvilon
Hepliaklqana
Kikubaaqudgha
Nemelex Xobeh
Okawaru
Sif Muna
Trog
Uskayaw
Vehumet
The Shining One

Shops:
D:4 :   D:5 (

Annotations:
D:11 Maurice, Psyche
Lair:5 3 exclusions


Message History

The cane toad is almost dead.
The cane toad is knocked back by the mystic blast.
The cane toad slams into the stone wall!
The mystic blast hits the seven-headed hydra!
The seven-headed hydra is lightly wounded.
The seven-headed hydra bites you!
The seven-headed hydra bites you but does no damage.
The seven-headed hydra bites you. x2
* * * LOW HITPOINT WARNING * * *
The seven-headed hydra bites you.
* * * LOW HITPOINT WARNING * * *
You block the seven-headed hydra's attack.
The seven-headed hydra bites you but does no damage.
Unknown command.
Casting: Iskenderun's Mystic Blast (dangerous; 1% risk of failure)
Confirm with . or Enter, or press ? or * to list all spells.
You erupt in a blast of force!
The mystic blast hits the wolf.
The wolf is heavily wounded.
The wolf is knocked back by the mystic blast.
The wolf slams into the rock wall!
The wolf is severely wounded.
The mystic blast hits the plant!
The plant is lightly damaged.
The mystic blast hits the wolf!
You kill the wolf!
Vehumet accepts your kill.
You feel your power returning.
The mystic blast hits the cane toad!
You kill the cane toad!
Vehumet accepts your kill.
The mystic blast hits the seven-headed hydra!
The seven-headed hydra is moderately wounded.
The seven-headed hydra bites you.
* * * LOW HITPOINT WARNING * * *
The seven-headed hydra bites you but does no damage. x2
The seven-headed hydra barely misses you.
The seven-headed hydra bites you!
* * * LOW HITPOINT WARNING * * *
You block the seven-headed hydra's attack.
The seven-headed hydra bites you.
You die...

*,,,,,,,**##.......P.÷...........
,,,,,,,,,,..÷....................
,,,,,,,,,*#............#......#..
,,,*,*******#.......####.#.....##
,*****,*** ##...÷.##...##.....#.
**,,,,,,,** #....##..........###
,,,8,,8,,,** ##...#..)..........†
,8,,,,,,,,,** #.D.#..............
,,,,,8,,,,,,* #†@##...###........
,,,*,,8,,8,,*##*.#....##..^......
,**,**,,,,,**#.Ph#...#...........
,,,**,,,,8,**#†.##.#....#........
,,,*,,8,,,***..##..........##....
,,,,,,,,***,..##...........#.#..#
*,,,,,***,,...#..#...#....#######
*******,,,...##..##....####
,,,,,,,,,÷.P#*##########


You could see a seven-headed hydra, a wolf and a friendly battlesphere.

Vanquished Creatures
  Snorg (D:11)
  A catoblepas (Lair:4)
  A boulder beetle (Lair:5)
  A two-headed ogre (D:9)
  8 death yaks
  2 skysharks (Lair:5)
  Pikel (D:9)
  A lindwurm (Lair:5)
  An ugly thing (IceCv)
  7 elephants
  A merfolk siren (Lair:2)
  4 black mambas
  2 ice statues (IceCv)
  3 torpor snails
  A gargoyle (D:10)
  13 cane toads
  6 rime drakes
  An unseen horror (D:8)
  An anaconda simulacrum (IceCv)
  4 komodo dragons
  6 polar bears
  3 trolls
  23 blink frogs
  Grinder (D:2)
  9 dream sheep
  Sigmund (D:3)
  2 wyverns
  6 basilisks
  41 yaks
  A wraith (D:11)
  A steam dragon (D:9)
  A death yak simulacrum (IceCv)
  An acid dragon (D:9)
  3 nagas (Lair:3)
  12 water moccasins
  An ice beast (D:6)
  5 orc warriors
  4 black bears
  4 ogres
  3 sky beasts
  10 centaurs
  38 wolves
  7 kobold brigands
  6 gnoll sergeants
  13 bullfrogs
  2 cane toad simulacra (IceCv)
  4 scorpions
  5 wights (D:6)
  5 killer bees
  2 howler monkeys (D:10)
  A hound (D:6)
  4 orc priests
  A jelly (D:8)
  Crazy Yiuf (D:7)
  A sleepcap (D:6)
  Jessica (D:3)
  4 orc wizards
  2 iguanas
  6 hell rats (Lair:5)
  A polar bear simulacrum (IceCv)
  Robin (D:4)
  20 gnolls
  9 adders
  A shadow imp (D:7)
  An ufetubus (D:5)
  29 orcs
  5 ball pythons
  8 endoplasms
  4 giant cockroaches
  14 goblins
  6 hobgoblins
  18 kobolds
  3 quokkas
  7 bats
  10 frilled lizards
  8 rats
446 creatures vanquished.

Vanquished Creatures (collateral kills)
  A freezing wraith (IceCv)
  A blink frog (Lair:5)
  A water moccasin (Lair:5)
3 creatures vanquished.

Vanquished Creatures (others)
  An orc wizard (D:10)
  A bush (Lair:5)
  47 fungi
  160 plants
209 creatures vanquished.

Grand Total: 658 creatures vanquished

Notes
Turn   | Place    | Note
-------+----------+-------------------------------------------
     0 | D:1      | Lobster4 the Deep Elf Earth Elementalist began the quest
                  | for the Orb.
     0 | D:1      | Reached XP level 1. HP: 10/10 MP: 6/6
   125 | D:1      | Reached XP level 2. HP: 15/15 MP: 4/8
   720 | D:2      | Learned a level 2 spell: Passwall
   722 | D:2      | Reached XP level 3. HP: 20/20 MP: 6/10
  1046 | D:2      | Learned a level 3 spell: Stone Arrow
  1125 | D:2      | Found a sparkling altar of Nemelex Xobeh.
  1574 | D:3      | Found a hazy altar of Hepliaklqana.
  1662 | D:3      | Noticed Sigmund
  1755 | D:3      | Noticed Jessica
  1755 | D:3      | Noticed Grinder
  1907 | D:2      | Killed Grinder
  1908 | D:2      | Reached skill level 1 in Fighting
  1908 | D:2      | Reached skill level 1 in Short Blades
  1908 | D:2      | Reached skill level 1 in Armour
  1908 | D:2      | Reached skill level 4 in Spellcasting
  1908 | D:2      | Reached skill level 1 in Conjurations
  1908 | D:2      | Reached XP level 4. HP: 8/25 MP: 9/12
  1908 | D:2      | Reached XP level 5. HP: 10/29 MP: 10/14
  2149 | D:3      | Reached XP level 6. HP: 28/34 MP: 12/15
  2363 | D:3      | Killed Jessica
  2751 | D:3      | Killed Sigmund
  2752 | D:3      | Reached skill level 5 in Spellcasting
  3106 | D:4      | Noticed a water moccasin
  3149 | D:4      | Found Guzxooci's Book Emporium.
  3178 | D:4      | Reached XP level 7. HP: 38/38 MP: 10/17
  3290 | D:4      | Reached skill level 1 in Throwing
  3599 | D:4      | Identified the -1 helmet of Shielding {Regen+ Int+3}
  3599 | D:4      | Noticed Robin
  3607 | D:4      | Killed Robin
  3608 | D:4      | Reached skill level 1 in Evocations
  4115 | D:5      | Entered Level 5 of the Dungeon
  4186 | D:5      | Reached skill level 5 in Earth Magic
  4322 | D:5      | Found Reqoetta's Antique Weapon Boutique.
  4498 | D:5      | Found a shimmering blue altar of Sif Muna.
  4606 | D:5      | Reached skill level 1 in Ranged Weapons
  4742 | D:5      | Reached skill level 6 in Spellcasting
  4868 | D:6      | Reached XP level 8. HP: 44/44 MP: 16/19
  4951 | D:6      | Found a broken altar of Ashenzari.
  4995 | D:6      | Identified the +0 pair of boots of Vungytz {rPois rCorr
                  | Dex-3 SInv}
  5278 | D:6      | Reached skill level 1 in Staves
  5318 | D:6      | Identified a scroll of acquirement
  5962 | D:6      | Reached skill level 7 in Spellcasting
  6082 | D:7      | Reached skill level 5 in Stealth
  6220 | D:7      | Reached XP level 9. HP: 49/49 MP: 19/21
  6361 | D:7      | Found a staircase to the Ecumenical Temple.
  6370 | Temple   | Entered the Ecumenical Temple
  6375 | Temple   | Became a worshipper of Vehumet
  6399 | D:7      | Found a snail-covered altar of Cheibriados.
  6621 | D:7      | Reached skill level 5 in Dodging
  6791 | D:7      | Found a runed translucent door.
  6792 | D:7      | Noticed Crazy Yiuf
  6907 | D:7      | Killed Crazy Yiuf
  7059 | D:8      | Noticed an elephant
  7095 | D:8      | Found a sparkling altar of Nemelex Xobeh.
  7099 | D:8      | Found a bloodstained altar of Trog.
  7102 | D:8      | Found an ancient bone altar of Kikubaaqudgha.
  7776 | D:9      | Reached * piety under Vehumet
  7776 | D:9      | Offered knowledge of Shock by Vehumet.
  7896 | D:9      | Noticed a troll
  7932 | D:8      | Noticed an elephant
  7971 | D:8      | Killed an elephant
  7972 | D:8      | Reached skill level 8 in Spellcasting
  8107 | D:8      | Reached skill level 1 in Shields
  8119 | D:8      | Found a snail-covered altar of Cheibriados.
  8160 | D:8      | Noticed an elephant
  8290 | D:8      | Noticed a troll
  8295 | D:8      | Killed a troll
  8389 | D:8      | Noticed an elephant
  8413 | D:8      | Killed an elephant
  8414 | D:8      | Reached XP level 10. HP: 46/56 MP: 18/24
  8744 | D:8      | Killed an elephant
  8745 | D:8      | Reached skill level 9 in Spellcasting
  8856 | D:8      | Killed an elephant
  8857 | D:8      | Reached skill level 5 in Ranged Weapons
  9144 | D:4      | Bought a book of Blasting for 400 gold pieces
  9150 | D:4      | Learned a level 5 spell: Lee's Rapid Deconstruction
  9297 | D:9      | Found a white marble altar of Elyvilon.
  9492 | D:9      | Noticed a two-headed ogre
  9499 | D:9      | Killed a two-headed ogre
  9600 | D:9      | Noticed Pikel
  9606 | D:9      | Killed Pikel
  9607 | D:9      | Reached skill level 5 in Conjurations
  9653 | D:9      | Reached skill level 10 in Spellcasting
  9909 | D:9      | Reached ** piety under Vehumet
  9909 | D:9      | Offered knowledge of Scorch by Vehumet.
 10092 | D:10     | Entered Level 10 of the Dungeon
 10108 | D:10     | Reached XP level 11. HP: 61/61 MP: 24/27
 10132 | D:10     | Found a staircase to the Lair.
 10222 | D:10     | You fall into a shaft and drop 1 floor!
 10227 | D:11     | Acquired the staff of earth "Biorir" {Fragile Str+3 Stlth+}
 11544 | D:11     | Found a staircase to the Orcish Mines.
 11548 | D:11     | Offered knowledge of Inner Flame by Vehumet.
 11548 | D:11     | Reached *** piety under Vehumet
 11595 | D:11     | Noticed Snorg
 11604 | D:11     | Killed Snorg
 11605 | D:11     | Reached skill level 11 in Spellcasting
 11763 | D:11     | Noticed Psyche
 11773 | D:11     | Noticed Maurice
 11828 | Lair:1   | Entered Level 1 of the Lair of Beasts
 12049 | Lair:1   | Offered knowledge of Dazzling Flash by Vehumet.
 12226 | Lair:1   | Reached skill level 5 in Staves
 12340 | Lair:1   | Reached skill level 10 in Earth Magic
 12659 | Lair:1   | Reached XP level 12. HP: 68/68 MP: 23/29
 13261 | Lair:2   | Reached skill level 5 in Fighting
 13329 | Lair:2   | Reached **** piety under Vehumet
 13424 | Lair:2   | Reached skill level 12 in Spellcasting
 13506 | Lair:2   | Noticed a death yak
 13507 | Lair:2   | Noticed a death yak
 13519 | Lair:2   | Killed a death yak
 13519 | Lair:2   | Offered knowledge of Iskenderun's Battlesphere by Vehumet.
 13519 | Lair:2   | Noticed a death yak
 13538 | Lair:2   | Learned a level 5 spell: Iskenderun's Battlesphere
 13584 | Lair:2   | Learned a level 4 spell: Iskenderun's Mystic Blast
 13608 | Lair:2   | Killed a death yak
 14154 | Lair:2   | Found a staircase to the Shoals.
 14254 | Lair:2   | Found a radiant altar of Vehumet.
 14258 | Lair:2   | HP: 2/68 [centaur/arrow (8)]
 14725 | Lair:2   | Killed a death yak
 14933 | Lair:3   | Reached skill level 13 in Spellcasting
 14940 | Lair:3   | Found a frozen archway.
 15095 | IceCv    | Entered an ice cave
 15098 | IceCv    | Reached ***** piety under Vehumet
 15102 | IceCv    | Offered knowledge of Iron Shot by Vehumet.
 15113 | IceCv    | Learned a level 6 spell: Iron Shot
 15221 | IceCv    | Found a transporter.
 15225 | IceCv    | Identified the +7 chain mail of the Sturgeon {Harm Str-4
                  | Dex+5}
 15233 | IceCv    | Found a transporter.
 15248 | IceCv    | Identified the +7 lajatang of the Sea {freeze, *Noise
                  | Int+6}
 15451 | Lair:3   | Reached XP level 13. HP: 74/74 MP: 27/32
 15534 | Lair:3   | Reached skill level 5 in Armour
 15653 | Lair:3   | Found a staircase to the Snake Pit.
 15833 | Lair:3   | Reached skill level 5 in Shields
 16910 | Lair:4   | Reached skill level 14 in Spellcasting
 17166 | Lair:4   | Found a staircase to the Slime Pits.
 17495 | Lair:4   | You fall into a shaft and drop 1 floor!
 17495 | Lair:5   | Entered Level 5 of the Lair of Beasts
 17876 | Lair:5   | Identified the +11 long sword of the Dwarven Hall {flame,
                  | Str+4}
 17905 | Lair:5   | Offered knowledge of Eringya's Noxious Bog by Vehumet.
 18234 | Lair:5   | Reached skill level 1 in Long Blades
 18441 | Lair:5   | Reached XP level 14. HP: 80/80 MP: 15/34
 19016 | Lair:5   | Reached skill level 10 in Dodging
 19019 | Lair:5   | Reached skill level 15 in Spellcasting
 19210 | Lair:5   | HP: 3/80 [seven-headed hydra (12)]
 19210 | Lair:5   | Slain by a seven-headed hydra

Illustrated notes

Levels and vault maps discovered:
D:1:      roderic_chinese_lattice_arrival, layout_rooms, serial_glass,
          glass_columns_a, glass_columns_a
D:2:      layout_loops_ring, basic_altar, serial_bayou_lagoon_a,
          kennysheep_pointless_box
D:3:      layout_rooms, mainiacjoe_overflow_tiny_flanked,
          serial_co_window_serial, co_window_cross_1,
          co_window_of_opportunity_a, co_window_paths_b, co_window_corner_a,
          co_window_of_opportunity_a, co_window_paths_a, co_window_corner_a,
          co_window_corner_b, co_window_corner_ca, co_window_of_opportunity_c,
          co_window_sun, co_window_4corner_b, glass_columns_a, glass_columns_c,
          glass_columns_b, glass_columns_a, uniq_jessica, uniq_sigmund,
          uniq_grinder
D:4:      layout_loops_ring, serial_forest, infiniplex_forest_split,
          infiniplex_forest_clump_diagonal, infiniplex_forest_straight_4,
          infiniplex_forest_lined_1, infiniplex_forest_clump_large,
          infiniplex_forest_lined_4_way, serial_shops,
          nicolae_book_shop_shelving, uniq_robin
D:5:      layout_basic, mainiacjoe_overflow_surrounded_room, serial_shops,
          nicolae_shop_overgrown_old_shop
D:6:      layout_gridville, evilmike_ruin_ashenzari
D:7:      layout_rooms, mainiacjoe_overflow_catwalk, minmay_temple_entry_grid,
          st_stairs_11, kennysheep_big_empty_room, uniq_crazy_yiuf_cottage
D:8:      wad_woods_stonehenge, layout_cave_pods, grunt_temple_overflow_diamond
D:9:      layout_roguey, lemuel_tele_altar, minmay_microvault, uniq_pikel
D:10:     layout_roguey, lair_entry_dummy
D:11:     layout_roguey, kennysheep_orc_monster_closet_entryway, serial_rivers,
          chequers_serial_rivers_micro_a, chequers_serial_rivers_small_3,
          chequers_serial_rivers_micro_a, chequers_serial_rivers_marsh,
          uniq_psyche, uniq_maurice, uniq_snorg
Temple:   nicolae_temple_ecumenical_triangle
Lair:1:   layout_chaotic_city, nicolae_quartered_pool_little, st_stairs_8,
          beast_lair_carwin_10
Lair:2:   layout_loops_ring, minmay_shoals_entry_lonely_mermaid,
          lemuel_centaur_altar
Lair:3:   layout_cave_pods, guppyfry_snake_entry_garden, portal_ice_cave_rime
Lair:4:   layout_loops_ring, slime_entry_1, st_stairs_11,
          chequers_serial_rivers_small_3
Lair:5:   grunt_lair_end_beastmaster, layout_loops_ring, serial_bayou_shore_a,
          grunt_megastairs_2, infiniplex_staircase_pool_2

Skill      XL: |  1  2  3  4  5  6  7  8  9 10 11 12 13 14 |
---------------+-------------------------------------------+-----
Fighting       | 1 2 3 4 5 6 |  6.6
Short Blades   | 1 2 |  2.0
Armour         | 1 2 3 4 5 |  5.9
Dodging        | 3 4 5 6 7 8 9 10 | 10.0
Stealth        | 3 4 5 |  5.0
Spellcasting   | 4 5 6 7 8 10 11 13 14 15 | 15.0
Conjurations   | 1 2 3 4 5 6 7 8 |  8.6
Earth Magic    | 4 5 6 7 8 10 11 12 | 12.8
Throwing       | 1 2 3 |  3.0
Evocations     | 1 2 3 |  3.0
Ranged Weapons | 1 3 4 5 |  5.0
Staves         | 1 3 4 5 |  5.0
Shields        | 1 2 3 4 5 |  5.8
Long Blades    | 1 |  1.6
Transmutations | |  1.1

Action                     |  1- 3 |  4- 6 |  7- 9 | 10-12 | 13-15 || total
---------------------------+-------+-------+-------+-------+-------++-------
  Melee: Whip              |    13 |     2 |       |       |       ||    15
         Short sword       |       |       |     4 |       |       ||     4
         Dagger            |       |       |       |     1 |    24 ||    25
         Staff             |       |       |       |     1 |       ||     1
  Throw: Stone             |       |     3 |    22 |       |       ||    25
         Dart              |       |       |     2 |    48 |     2 ||    52
   Cast: Sandblast         |    49 |    33 |   104 |   139 |   128 ||   453
         Stone Arrow       |       |     4 |    74 |   181 |    20 ||   279
         Iskenderun's Batt |       |       |       |    14 |    34 ||    48
         Iskenderun's Myst |       |       |       |     7 |    10 ||    17
         Lee's Rapid Decon |       |       |       |     6 |    21 ||    27
         Iron Shot         |       |       |       |     1 |    21 ||    22
  Evoke: Wand              |       |       |       |     1 |     2 ||     3
    Use: Potion            |     5 |     1 |     2 |     2 |     2 ||    12
         Scroll            |     2 |     3 |    12 |    12 |     7 ||    36
   Stab: Sleeping          |     1 |       |       |     1 |       ||     2
 Armour: Robe              |     3 |       |     8 |       |       ||    11
         Leather armour    |       |       |     5 |       |       ||     5
         Troll leather arm |       |       |     4 |    12 |       ||    16
         Steam dragon scal |       |       |       |    61 |    33 ||    94
  Dodge: Dodged            |    15 |    13 |    39 |   115 |    83 ||   265
  Block: Other             |       |     5 |    15 |    47 |       ||    67
         Reflection        |       |       |     2 |    13 |     1 ||    16
         Buckler           |       |       |       |     4 |    61 ||    65

Table legend: (Time is in decaauts)
 A = Elapsed time spent in this place.
 B = Non-inter-level travel time spent in this place.
 C = Inter-level travel time spent in this place.
 D = Time resting spent in this place.
 E = Time spent auto-exploring this place.
 F = Levels seen in this place.
 G = Mean time per level.
                   A        B        C        D        E       F      G
               +--------+--------+--------+--------+--------+-----+--------+
         Total |  19450 |  18142 |   1308 |   2762 |  11625 |  18 | 1080.6 |
       Dungeon |  11919 |  10857 |   1062 |   1175 |   7517 |  11 | 1083.5 |
        Temple |     10 |     10 |      0 |      0 |      0 |   1 |   10.0 |
          Lair |   7237 |   6991 |    246 |   1385 |   4107 |   5 | 1447.4 |
      Ice Cave |    283 |    283 |      0 |    201 |      0 |   1 |  283.0 |
               +--------+--------+--------+--------+--------+-----+--------+

Top non-repeatable levels by time:
     D:8: 1770 daAuts
  Lair:2: 1757 daAuts
  Lair:3: 1633 daAuts
  Lair:5: 1561 daAuts
     D:2: 1475 daAuts
  Lair:1: 1410 daAuts
     D:6: 1192 daAuts
     D:7: 1119 daAuts
     D:4: 1106 daAuts
    D:10: 1102 daAuts
     D:3: 1005 daAuts
     D:9: 1003 daAuts
  Lair:4: 874 daAuts
     D:5: 801 daAuts
     D:1: 691 daAuts
